 Dungeon Crawl Stone Soup version 0.28.0-53-g5a82cb258f (webtiles) character file.

Game seed: 9472294224210594267

200 Zeld the Magician (level 5, -4/28 HPs)
             Began as a Deep Elf Conjurer on June 3, 2022.
             Slain by a bullfrog (8 damage)
             ... on level 3 of the Dungeon.
             The game lasted 00:03:32 (3798 turns).

Zeld the Magician (Deep Elf Conjurer)               Turns: 3798, Time: 00:03:33

Health: -4/28      AC:  2    Str:  4    XL:     5   Next: 48%
Magic:  7/15       EV: 12    Int: 25    God:
Gold:   51         SH:  0    Dex: 13    Spells: 4/15 levels left

rFire   + . .      SeeInvis .   (no weapon)
rCold   . . .      Faith    .   (no shield)
rNeg    . . .      Spirit   .   a - +0 robe
rPois   .          Reflect  .   (no helmet)
rElec   .          Harm     .   (no cloak)
rCorr   .          Rampage  .   (no gloves)
Will    .....                   (no boots)
Stlth   ++........              (no amulet)
HPRegen 0.09/turn               e - ring of protection from fire
MPRegen 0.14/turn               (no ring)

@: no status effects
A: no striking features
a: no special abilities


You were on level 3 of the Dungeon.
You visited 1 branch of the dungeon, and saw 3 of its levels.

You collected 51 gold pieces.

Inventory:

Armour
 a - a +0 robe (worn)
Jewellery
 e - a ring of protection from fire (left hand)
 h - a ring of ice
Scrolls
 b - a scroll of magic mapping {unknown}
 c - a scroll of blinking {unknown}
 f - 2 scrolls of teleportation {unknown}
 g - a scroll of identify {unknown}
Potions
 d - a potion of curing {unknown}
 i - a potion of ambrosia {unknown}
 j - a potion of degeneration {unknown}
 k - 2 potions of brilliance {unknown}
 l - a potion of heal wounds {unknown}


   Skills:
 - Level 2.4 Dodging
 + Level 2.8 Stealth
 * Level 5.7 Spellcasting
 + Level 5.2 Conjurations
 - Level 2.0 Hexes
 - Level 2.0 Translocations


You had 4 spell levels left.
You knew the following spells:

 Your Spells              Type           Power      Damage    Failure   Level
a - Magic Dart            Conj           100%       1d8       1%          1
b - Searing Ray           Conj           66%        2d6       1%          2
c - Fulminant Prism       Conj/Hex       12%        3d9       17%         4
d - Iskenderun's Mystic   Conj/Tloc      25%        2d7       17%         4

Your spell library contained the following spells:

 Spells                   Type           Power      Damage    Failure   Level
 Dazzling Flash           Conj/Hex       50%        N/A       5%          3
 Ensorcelled Hibernation  Hex/Ice        24%        N/A       8%          2
 Sublimation of Blood     Necr           7%         N/A       12%         2
 Wereblood                Tmut           7%         N/A       12%         2
 Ozocubu's Armour         Ice            7%         N/A       22%         3
 Spider Form              Tmut/Pois      7%         N/A       22%         3
 Anguish                  Hex/Necr       6%         N/A       45%         4
 Ozocubu's Refrigeration  Ice            3%         4d5       100%        7
 Summon Hydra             Summ           3%         N/A       100%        7


Dungeon Overview and Level Annotations

Branches:
Dungeon (3/15)

Altars:


Message History

Confirm with . or Enter, or press ? or * to list all spells.
Restarting spell: Searing Ray (safe; 1% risk of failure)
Press: ? - help, Shift-Dir - straight line, f - adder skeleton
Aim: an adder skeleton (86% to hit)
The searing ray misses the adder skeleton. (Press . to maintain the ray.)
The bullfrog gives a loud, deep croak!
The adder skeleton bites you but does no damage.
The hound skeleton closely misses you.
The searing ray hits the adder skeleton.
The adder skeleton is moderately damaged.
The hound skeleton bites you. The adder skeleton closely misses you.
The searing ray hits the adder skeleton!
You destroy the adder skeleton!
The hound skeleton misses you. The bullfrog closely misses you.
The bullfrog hits you.
You see here a worm corpse.
The bullfrog hits you. The hound skeleton closely misses you.
Casting: Searing Ray (safe; 1% risk of failure)
Confirm with . or Enter, or press ? or * to list all spells.
Aiming: Searing Ray (safe; 1% risk of failure)
Press: ? - help, Shift-Dir - straight line, f - you
Okay, then.
The bullfrog hits you. The bullfrog hits you. x2
* * * LOW HITPOINT WARNING * * *
Casting: Searing Ray (safe; 1% risk of failure)
Confirm with . or Enter, or press ? or * to list all spells.
Aiming: Searing Ray (safe; 1% risk of failure)
Press: ? - help, Shift-Dir - straight line, f - hound skeleton
Aim: a hound skeleton (91% to hit)
The searing ray hits the bullfrog!
The bullfrog is heavily wounded.
The searing ray hits the hound skeleton.
The hound skeleton is moderately damaged. (Press . to maintain the ray.)
The bullfrog hits you but does no damage.
The bullfrog hits you!
You die...

.. #.......# ..
#.......# ...
#.......# # ...
#.......# # ....
#......$#
#.........##
....######.†.....#
#.........##
^..........†....Z#
#.........##
...........#####F#
#.........##
...........# #@##
#.........#
...........# #..#
#.........#
..#........# ##.#
#.........# .
#........# #.##
#.........#
#........# #..#
#.#'#######
[........# ##.#
#.#.########
##........# #.>#
#.#.........
##########
#..###.##########
#......#


You could see a bullfrog and a hound skeleton.

Vanquished Creatures
  Natasha (thrice) (D:2)
  A hound skeleton (D:3)
  4 gnolls
  An adder (D:3)
  3 adder skeletons (D:3)
  2 worms
  A dart slug (D:2)
  6 ball pythons
  2 endoplasms
  A giant cockroach (D:2)
  3 goblins
  4 hobgoblins
  3 jackals (D:2)
  4 quokkas
  A ball python skeleton (D:3)
  6 bats
  3 frilled lizards
  A kobold (D:2)
  A quokka zombie (D:3)
  7 rats
57 creatures vanquished.

Vanquished Creatures (others)
  A plant (D:2)
1 creature vanquished.

Grand Total: 58 creatures vanquished

Notes
Turn   | Place    | Note
-------+----------+-------------------------------------------
     0 | D:1      | Zeld the Deep Elf Conjurer began the quest for the Orb.
     0 | D:1      | Reached XP level 1. HP: 10/10 MP: 6/6
   122 | D:1      | Reached skill level 1 in Hexes
   139 | D:1      | Reached XP level 2. HP: 10/15 MP: 0/8
   142 | D:1      | Learned a level 2 spell: Searing Ray
   293 | D:1      | Reached skill level 1 in Translocations
  1050 | D:2      | Found a faded altar of an unknown god.
  1543 | D:2      | Reached XP level 3. HP: 19/19 MP: 7/10
  1663 | D:2      | Noticed Natasha
  1671 | D:2      | Killed Natasha
  1860 | D:2      | Noticed Natasha
  1864 | D:2      | Killed Natasha
  1865 | D:2      | Reached XP level 4. HP: 14/24 MP: 6/12
  1870 | D:2      | Learned a level 4 spell: Iskenderun's Mystic Blast
  1996 | D:2      | Noticed Natasha
  2004 | D:2      | Killed Natasha
  2506 | D:2      | Reached skill level 5 in Spellcasting
  2615 | D:3      | Reached skill level 5 in Conjurations
  2672 | D:3      | Reached XP level 5. HP: 18/28 MP: 5/14
  2683 | D:3      | Learned a level 4 spell: Fulminant Prism
  3798 | D:3      | Slain by a bullfrog

Illustrated notes

Levels and vault maps discovered:
D:1:      dpeg_arrival_windows_large_door, layout_rooms
D:2:      layout_basic, hellmonk_ecumenical_altar_heavens_door,
          nicolae_concentric_dashed_squares_mild, serial_bayou_pond_a,
          kennysheep_generic_room_10, uniq_natasha
D:3:      minmay_chambers_of_threes, layout_basic,
          grunt_temple_overflow_cloverleaf, serial_undead, serial_undead_b,
          serial_undead_d, serial_undead_d, serial_undead_d, serial_undead_e

Skill      XL: |  1  2  3  4 |
---------------+-------------+-----
Hexes          | 1 2 |  2.0
Translocations | 1 2 |  2.0
Spellcasting   | 4 5 |  5.7
Conjurations   | 5 |  5.2
Dodging        | |  2.4
Stealth        | |  2.8

Action                   |  1- 3 |  4- 6 || total
-------------------------+-------+-------++-------
Melee: Unarmed           |    13 |     4 ||    17
 Cast: Magic Dart        |    24 |       ||    24
       Searing Ray       |    17 |    26 ||    43
 Stab: Sleeping          |     1 |     1 ||     2
Armor: Robe              |     9 |     8 ||    17
Dodge: Dodged            |    26 |    34 ||    60
